 Dungeon Crawl Stone Soup version 0.25.1-2-g60ff931df9 (webtiles) character file.

Game seed: 5201191110713860716

21728 hawla the Thaumaturge (level 12, -3/139 HPs)
             Began as a Pale Draconian Conjurer on Nov 30, 2020.
             Was a High Priest of Vehumet.
             Slain by a freezing wraith (14 damage)
             ... led by a death knight
             ... on level 12 of the Dungeon.
             The game lasted 01:04:10 (21055 turns).

hawla the Thaumaturge (Pale Draconian Conjurer)    Turns: 21055, Time: 01:04:10

Health: -3/139     AC: 26    Str: 12    XL:     12   Next: 56%
Magic:  1/28       EV:  2    Int: 19    God:    Vehumet [*****.]
Gold:   717        SH:  5    Dex: 12    Spells: 11/35 levels left

rFire    . . .     SeeInvis +   K - +7 lajatang of Order {silver, rMut}
rCold    . . .     Gourm    .   (shield currently unavailable)
rNeg     + + +     Faith    .   (armour unavailable)
rPois    +         Spirit   .   (helmet currently unavailable)
rElec    .         Reflect  +   (cloak currently unavailable)
rCorr    .         Harm     .   (gloves currently unavailable)
rMut     +         NoTele   +   (boots currently unavailable)
MR       .....                  a - amulet of reflection
Stlth    +++.......             z - ring of see invisible
HPRegen  0.33/turn              w - ring of wizardry
MPRegen  0.21/turn

@: brilliant, tree-form, vulnerable, hasted, very quick
A: (breathe steam), unfitting armour, AC +8
a: Renounce Religion


You were on level 12 of the Dungeon.
You worshipped Vehumet.
Vehumet was extremely pleased with you.
You were not hungry.
You were a tree.
You visited 3 branches of the dungeon, and saw 14 of its levels.
You also visited: Ossuary.

You collected 717 gold pieces.

Inventory:

Hand Weapons
 G - the +1 eveningstar of Analysis {holy, +Blink rC+ rN+ MP-9}
   (You took it off an orc knight on level 11 of the Dungeon)

   It has been blessed by the Shining One to cause great damage to the undead
   and demons.
   It protects you from cold.
   It protects you from negative energy.
   It affects your magic capacity (-9).
   It lets you blink.
 K - the +7 lajatang of Order (weapon) {silver, rMut}
   (You took it off an orc on level 11 of the Dungeon)

   It protects you from mutation.
Missiles
 g - 65 poisoned darts (quivered)
 y - 8 boomerangs of dispersal
 L - 6 boomerangs
Magical Staves
 l - an uncursed staff of air
 C - an uncursed staff of cold
Jewellery
 a - an amulet of reflection (around neck)
 c - an uncursed amulet of regeneration
 o - an uncursed ring of positive energy
 r - an uncursed ring of wizardry
 u - an uncursed ring of stealth
 w - a ring of wizardry (right branch)
 z - a ring of see invisible (left branch)
 B - an uncursed ring of protection from magic
 F - an uncursed ring of protection from magic
 H - a +6 ring of strength
Wands
 e - a wand of flame (18)
 j - a wand of disintegration (18)
 t - a wand of digging (6)
 D - a wand of acid (8)
 E - a wand of random effects (13)
 M - a wand of clouds (6)
Scrolls
 d - 2 scrolls of identify
 i - 2 scrolls of enchant weapon
 m - 2 scrolls of fog
 s - 2 scrolls of enchant armour
 A - a scroll of blinking
 I - a scroll of amnesia
 J - 4 scrolls of remove curse
Potions
 f - a potion of flight
 h - 2 potions of brilliance
 k - a potion of haste
 n - 2 potions of might
 q - 2 potions of cancellation
 v - a potion of lignification
 x - a potion of stabbing
Miscellaneous
 N - a box of beasts
Comestibles
 b - 24 rations
 p - a chunk of flesh


   Skills:
 + Level 4.9 Fighting
 + Level 2.2 Staves
 + Level 6.8 Dodging
 + Level 4.4 Stealth
 + Level 12.1 Spellcasting
 + Level 11.0 Conjurations
 + Level 7.6 Translocations
   Level 0.1 Transmutations
   Level 0.1 Fire Magic
 + Level 2.3 Ice Magic
 + Level 2.7 Poison Magic
 + Level 0.1 Evocations


You had 11 spell levels left.
You knew the following spells:

 Your Spells              Type           Power        Failure   Level  Hunger
a - Magic Dart            Conj           ####         1%          1    None
b - Searing Ray           Conj           ######       1%          2    None
c - Iskenderun's Mystic   Conj/Tloc      ######..     1%          4    None
d - Frozen Ramparts       Ice            ####..       1%          3    None
e - Hailstorm             Conj/Ice       ######..     1%          4    None
f - Olgreb's Toxic Radia  Pois           ####....     2%          4    None
g - Blink                 Tloc           N/A          1%          2    None
h - Airstrike             Air            ###.......   7%          4    None

Your spell library contained the following spells:

 Spells                   Type           Power        Failure   Level  Hunger
 Sting                    Tmut/Pois      ####         1%          1    None
 Conjure Flame            Conj/Fire      #####...     1%          3    None
 Dazzling Flash           Conj/Hex       #####.       1%          3    None
 Ignite Poison            Fire/Tmut/Pois ###.....     1%          3    None
 Mephitic Cloud           Conj/Pois/Air  #####...     1%          3    None
 Fulminant Prism          Conj/Hex       #####.....   1%          4    None
 Animate Skeleton         Necr           N/A          2%          1    None
 Pain                     Necr           ###.         2%          1    None
 Poisonous Vapours        Pois/Air       ###...       2%          2    None
 Call Imp                 Summ           ###.....     3%          2    None
 Slow                     Hex            ###.....     3%          2    None
 Vampiric Draining        Necr           ###.......   8%          3    None
 Animate Dead             Necr           N/A          24%         4    None
 Agony                    Necr           ###.....     52%         5    None
 Chain Lightning          Conj/Air       #####.....   95%         8    None
 Lehudib's Crystal Spear  Conj/Erth      #####.....   95%         8    None
 Absolute Zero            Ice            ####......   100%        9    None
 Fire Storm               Conj/Fire      #####.....   100%        9    None


Dungeon Overview and Level Annotations

Branches:
Dungeon (12/15)            Temple (1/1) D:4            Lair (1/6) D:10
    Orc (0/2) D:9         Ossuary (visited)

Altars:
Ashenzari
Cheibriados
Dithmenos
Elyvilon
Fedhas
Gozag
Hepliaklqana
Kikubaaqudgha
Makhleb
Nemelex Xobeh
Okawaru
Qazlal
Ru
Sif Muna
Trog
Uskayaw
Vehumet
Wu Jian
Xom
Yredelemnul
Zin
The Shining One

Shops:
D:8 }   D:9 (


Innate Abilities, Weirdness & Mutations

((You can breathe blasts of scalding, opaque steam.))
((Your pale cyan-grey scales are hard. (AC +8)))
You cannot fit into any form of body armour.
((You are cold-blooded and may be slowed by cold attacks.))


Message History

Your larval shockbat beast blinks!
Evoke which item? (* to show all) (? for menu, Esc to quit)
Aiming: Corrosive Bolt
Press: ? - help, Shift-Dir - straight line, f/p - death knight
Aim: a death knight, wielding a +3 glaive and wearing a +0 chain mail (lightly wounded)
The bolt of acid hits the freezing wraith.
The freezing wraith is splashed with acid.
The acid corrodes the freezing wraith!
The freezing wraith is heavily damaged.
The bolt of acid hits the death knight.
The death knight is splashed with acid.
The death knight is moderately wounded.
Your larval shockbat beast bursts into living lightning!
The living lightning hits the phantasmal warrior!
The phantasmal warrior is destroyed!
Vehumet accepts your kill.
Your larval shockbat beast blinks!
The freezing wraith hits you!
* * * LOW HITPOINT WARNING * * *
The freezing wraith freezes you!
You die...

#####(### #....#
........#####'######
........p.#........#
........#p#........#
.)......#.'........#
........###........#
..>.....# #....zpH.#
####.#### ######W###
####.# #♣## .....# #§H#
###### ##§# #######
######.##### #...#.#
#..........# #.#(#.#
###..........#
#.#...####............#
#.###.#....#.......>..#
#...#...####..........#


You could see a death knight, a skeletal warrior, a freezing wraith (corroded)
and 2 friendly mutant beasts.

Vanquished Creatures
  3 two-headed ogres
  2 unseen horrors (D:10)
  Pikel (D:7)
  2 orc knights
  2 ugly things (D:11)
  3 manticores
  Maggie (D:7)
  A meliai (D:11)
  3 trolls
  A queen bee (D:10)
  3 hippogriffs
  A shadow (D:9)
  19 yaks
  3 hungry ghosts
  A soldier ant (D:11)
  2 ice beasts
  A black bear (D:8)
  5 orc warriors
  5 sky beasts
  A necrophage (D:9)
  An eye of draining (D:10)
  3 wolves (D:10)
  8 ogres
  7 centaurs
  2 big kobolds
  An elf zombie (Ossuary)
  11 bullfrogs
  2 wyvern zombies
  A gnoll sergeant (D:11)
  10 scorpions
  33 killer bees
  2 howler monkeys
  15 wights
  3 electric eels (D:10)
  6 crimson imps
  2 bullfrog zombies
  9 hounds
  6 jellies
  7 orc priests
  7 centaur zombies
  3 human zombies (Ossuary)
  9 orc wizards
  A centaur skeleton (D:10)
  An iguana (D:7)
  7 worker ants
  2 killer bee zombies
  3 big kobold zombies (Ossuary)
  4 hound zombies
  4 mummies
  2 worker ant zombies
  4 gnolls
  2 howler monkey zombies
  16 adders
  5 shadow imps
  6 oozes
  3 adder zombies (Ossuary)
  An adder skeleton (D:6)
  3 worms
  2 dart slugs
  6 leopard geckos
  38 orcs
  3 giant cockroaches
  15 goblins
  7 hobgoblins
  13 jackals
  4 quokkas
  8 bats
  9 frilled lizards
  A giant cockroach zombie (D:6)
  2 gnoll zombies (Ossuary)
  5 goblin zombies
  6 hobgoblin zombies (Ossuary)
  18 kobolds
  A kobold zombie (Ossuary)
  2 orc zombies
  A quokka skeleton (D:5)
  4 quokka zombies (Ossuary)
  9 rats
  2 rat zombies (Ossuary)
428 creatures vanquished.

Vanquished Creatures (collateral kills)
  A phantasmal warrior (D:12)
  A hippogriff (D:11)
2 creatures vanquished.

Vanquished Creatures (others)
  A manticore (D:10)
  4 slaves (D:7)
  A shadow imp (D:7)
  A jackal (D:7)
7 creatures vanquished.

Grand Total: 437 creatures vanquished

Notes
Turn   | Place    | Note
-------+----------+-------------------------------------------
     0 | D:1      | hawla the Draconian Conjurer began the quest for the Orb.
     0 | D:1      | Reached XP level 1. HP: 14/14 MP: 3/3
   253 | D:1      | Reached XP level 2. HP: 20/20 MP: 0/5
   402 | D:1      | Reached skill level 3 in Spellcasting
   655 | D:1      | Reached XP level 3. HP: 26/26 MP: 2/7
   659 | D:1      | Learned a level 2 spell: Searing Ray
  1957 | D:2      | Reached XP level 4. HP: 33/33 MP: 3/9
  1963 | D:2      | Learned a level 4 spell: Iskenderun's Mystic Blast
  2332 | D:2      | Reached skill level 1 in Translocations
  3278 | D:3      | Reached XP level 5. HP: 38/38 MP: 6/10
  3328 | D:3      | Found a shadowy altar of Dithmenos.
  3590 | D:4      | Reached skill level 4 in Spellcasting
  4172 | D:4      | Found a staircase to the Ecumenical Temple.
  4252 | D:5      | Entered Level 5 of the Dungeon
  4394 | D:5      | Noticed a sky beast
  4400 | D:5      | HP: 1/38 [something (5)]
  4403 | D:5      | Killed a sky beast
  4403 | D:5      | Reached XP level 6. HP: 21/45 MP: 0/12
  4543 | D:5      | Found a sand-covered staircase.
  4555 | Ossuary  | Entered an ossuary
  5228 | Ossuary  | Your scales start taking on a pale cyan-grey colour.
  5228 | Ossuary  | Reached XP level 7. HP: 46/51 MP: 5/14
  5391 | Ossuary  | Reached skill level 5 in Spellcasting
  5506 | Ossuary  | Reached skill level 1 in Fighting
  5710 | Ossuary  | Reached skill level 5 in Conjurations
  6052 | D:5      | Reached XP level 8. HP: 30/61 MP: 2/16
  6127 | D:5      | Reached skill level 6 in Spellcasting
  6333 | D:5      | Reached skill level 5 in Translocations
  6435 | D:4      | Found a stormy altar of Qazlal.
  7125 | D:6      | Reached skill level 7 in Spellcasting
  8057 | D:6      | Reached XP level 9. HP: 67/67 MP: 15/20
  8166 | D:7      | Identified a scroll of acquirement
  8166 | D:7      | Acquired a book of Annihilations
  8378 | D:7      | Noticed Pikel
  8395 | D:7      | Killed Pikel
  8395 | D:7      | Reached skill level 8 in Spellcasting
  9165 | Temple   | Entered the Ecumenical Temple
  9271 | Temple   | Became a worshipper of Vehumet
  9573 | D:7      | Noticed Maggie
  9581 | D:7      | Killed Maggie
 10223 | D:8      | Reached skill level 9 in Spellcasting
 10657 | D:8      | Found Qyludwat's Gadget Boutique.
 10724 | D:8      | Reached XP level 10. HP: 74/74 MP: 11/23
 11229 | D:9      | Reached * piety under Vehumet
 11229 | D:9      | Offered knowledge of Sandblast by Vehumet.
 11911 | D:9      | Identified the +0 leather armour of Zeempa {rElec Dex-3
                  | SInv Stlth-}
 12200 | D:9      | Reached ** piety under Vehumet
 12205 | D:9      | Offered knowledge of Foxfire by Vehumet.
 12601 | D:9      | Reached skill level 1 in Staves
 12601 | D:9      | Reached skill level 10 in Spellcasting
 12747 | D:9      | Found Ziosm's Antique Weapon Emporium.
 12755 | D:9      | Found a staircase to the Orcish Mines.
 13345 | D:10     | Entered Level 10 of the Dungeon
 13725 | D:10     | Reached XP level 11. HP: 78/83 MP: 11/25
 14059 | D:10     | Reached skill level 5 in Dodging
 14650 | D:10     | Noticed an unseen horror
 14658 | D:10     | Killed an unseen horror
 14783 | D:10     | Noticed an unseen horror
 14938 | D:10     | Offered knowledge of Frozen Ramparts by Vehumet.
 14946 | D:10     | Learned a level 3 spell: Frozen Ramparts
 15126 | D:10     | Reached *** piety under Vehumet
 15130 | D:10     | Found a staircase to the Lair.
 15136 | Lair:1   | Entered Level 1 of the Lair of Beasts
 15466 | D:10     | Killed an unseen horror
 16102 | D:10     | Offered knowledge of Hailstorm by Vehumet.
 16105 | D:10     | Reached skill level 10 in Conjurations
 16471 | D:10     | Learned a level 4 spell: Hailstorm
 16501 | D:10     | Reached skill level 1 in Ice Magic
 16796 | D:10     | Noticed a two-headed ogre
 16801 | D:10     | Killed a two-headed ogre
 16801 | D:10     | Reached skill level 11 in Spellcasting
 17489 | D:10     | You fall into a shaft and drop 1 floor!
 17515 | D:11     | Reached **** piety under Vehumet
 17540 | D:11     | Found a glowing golden altar of the Shining One.
 17541 | D:11     | Found a glowing silver altar of Zin.
 17541 | D:11     | Found a glowing silver altar of Zin.
 17541 | D:11     | Found a basalt altar of Yredelemnul.
 17541 | D:11     | Noticed a two-headed ogre
 17561 | D:11     | Killed a two-headed ogre
 18082 | D:11     | Offered knowledge of Static Discharge by Vehumet.
 18086 | D:11     | Noticed an orc knight
 18108 | D:11     | Reached XP level 12. HP: 66/92 MP: 0/27
 18159 | D:11     | HP: 3/138 [manticore (5)]
 18758 | D:11     | Learned a level 4 spell: Olgreb's Toxic Radiance
 18762 | D:11     | Learned a level 3 spell: Ignite Poison
 18976 | D:11     | Identified the +1 eveningstar of Analysis {holy, +Blink rC+
                  | rN+ MP-9}
 19106 | D:11     | Reached skill level 1 in Poison Magic
 19742 | D:11     | Learned a level 2 spell: Blink
 20184 | D:12     | Reached skill level 12 in Spellcasting
 20384 | D:12     | Noticed a two-headed ogre
 20393 | D:12     | Killed a two-headed ogre
 20576 | D:12     | Reached ***** piety under Vehumet
 20576 | D:12     | Offered knowledge of Airstrike by Vehumet.
 20586 | D:12     | Learned a level 4 spell: Airstrike
 20673 | D:12     | Noticed a death knight
 21055 | D:12     | Slain by a freezing wraith

Illustrated notes

Levels and vault maps discovered:
D:1:      psy_arrival_radial01, layout_basic, minmay_misc_feat_alley
D:2:      layout_rooms
D:3:      layout_rooms, lemuel_doored_altar, first_ration,
          kennysheep_generic_room_10
D:4:      lemuel_upstairs_altar, layout_basic, minmay_temple_entry_overgrown
D:5:      layout_loops_cross, portal_sewer_entry_d, nicolae_ossuary_entry_giza,
          minivault_23
D:6:      layout_loops_corners
D:7:      layout_loops_ring, uniq_pikel, uniq_maggie
D:8:      layout_cave_pods, serial_shops,
          nicolae_shop_temple_entry_statues_fountains,
          hangedman_little_slice_of_home
D:9:      layout_loops_ring, orc_0_dummy, serial_shops, shop_statue,
          evilmike_minifort
D:10:     layout_gridville, erik_lair_island, special_room [special_room_bee]
D:11:     minmay_the_grid_octo_tiled_octocenter [minmay_the_grid_octo_shrine,
          minmay_the_grid_octo_pinwheel, minmay_the_grid_octo_empty,
          minmay_the_grid_octo_checkered,
          minmay_the_grid_octo_prize_square_snowflake,
          minmay_the_grid_square_5x5_checkered_sparse,
          minmay_the_grid_square_5x5_hollow_slash,
          minmay_the_grid_square_5x5_bridge,
          minmay_the_grid_square_5x5_beaten_path], layout_loops_cross
D:12:     layout_roguey, enter_bailey_3
Temple:   kilobyte_greek_temple
Lair:1:   layout_regular_city, beast_lair_carwin_5

Skill      XL: |  1  2  3  4  5  6  7  8  9 10 11 12 |
---------------+-------------------------------------+-----
Spellcasting   | 3 4 5 7 9 10 11 12 | 12.1
Translocations | 2 4 5 6 7 |  7.6
Dodging        | 2 3 4 6 |  6.8
Stealth        | 2 4 |  4.4
Fighting       | 2 3 4 |  4.9
Conjurations   | 5 6 7 9 10 11 | 11.0
Staves         | 1 2 |  2.2
Ice Magic      | 1 2 |  2.3
Poison Magic   | 2 |  2.7
Transmutations | |  0.1
Fire Magic     | |  0.1
Evocations     | |  0.1

Action                   |  1- 3 |  4- 6 |  7- 9 | 10-12 || total
-------------------------+-------+-------+-------+-------++-------
Melee: Unarmed           |    17 |       |       |       ||    17
       Tailslap          |     1 |     8 |     7 |     5 ||    21
       Dagger            |       |    64 |    60 |       ||   124
       Short sword       |       |       |     3 |       ||     3
       Staff             |       |       |       |    55 ||    55
       Lajatang          |       |       |       |    13 ||    13
 Cast: Magic Dart        |    70 |    94 |    71 |   118 ||   353
       Searing Ray       |     8 |    29 |    85 |   138 ||   260
       Iskenderun's Myst |       |     8 |     9 |    83 ||   100
       Hailstorm         |       |       |       |    23 ||    23
       Frozen Ramparts   |       |       |       |     4 ||     4
       Olgreb's Toxic Ra |       |       |       |    18 ||    18
       Ignite Poison     |       |       |       |     3 ||     3
       Airstrike         |       |       |       |     2 ||     2
Evoke: Wand              |       |       |       |     3 ||     3
       Box of beasts     |       |       |       |     2 ||     2
  Use: Scroll            |     2 |     7 |     8 |    15 ||    32
       Potion            |       |     1 |     3 |    14 ||    18
 Stab: Sleeping          |       |     1 |       |       ||     1
  Eat: Chunk             |     4 |     7 |    16 |    25 ||    52
       Ration            |       |     1 |     1 |     5 ||     7
Armor: Skin              |    11 |    28 |    47 |    95 ||   181
Dodge: Dodged            |    21 |    49 |   106 |   308 ||   484
Block: Other             |       |       |    20 |   112 ||   132
       Reflection        |       |       |       |     6 ||     6
